[Event "Live Chess"]
[Site "Chess.com"]
[Date "2010.12.14"]
[Round "-"]
[White "thelastemperor"]
[Black "hipposcottimus"]
[Result "0-1"]
[CurrentPosition "5rk1/p1p3pp/2B5/4pP2/P7/2P2pPq/5P1P/3RR1Kb w - -"]
[Timezone "UTC"]
[ECO "C20"]
[ECOUrl "https://www.chess.com/openings/Kings-Pawn-Opening-Leonardis-Variation"]
[UTCDate "2010.12.14"]
[UTCTime "08:33:21"]
[WhiteElo "1601"]
[BlackElo "1680"]
[TimeControl "60"]
[Termination "hipposcottimus won on time"]
[StartTime "08:33:21"]
[EndDate "2010.12.14"]
[EndTime "08:35:14"]
[Link "https://www.chess.com/game/live/77145218"]

1. e4 e5 2. d3 Nc6 3. Be2 Nf6 4. Nf3 d5 5. O-O dxe4 6. dxe4 Be7 7. Bg5 O-O 8. Bxf6 Bxf6 9. Nc3 Be7 10. Nd5 f5 11. Nxe7+ Qxe7 12. Bd3 f4 13. g3 Qf6 14. Nh4 Bh3 15. Re1 Qg5 16. Qe2 Bg4 17. Qd2 f3 18. Nf5 Qxd2 19. Rad1 Qg5 20. c3 Rxf5 21. exf5 Bh3 22. b4 Bg2 23. b5 Qh5 24. a4 Qh3 25. bxc6 bxc6 26. Be4 Rf8 27. Bxc6 Bh1 0-1

[Event "Live Chess"]
[Site "Chess.com"]
[Date "2010.12.14"]
[Round "-"]
[White "Habitoc"]
[Black "hipposcottimus"]
[Result "0-1"]
[CurrentPosition "r1b1k1nr/pppn1ppp/8/4p3/3B2P1/1PbP1P2/PqP1Q2P/1K1R1B2 w kq -"]
[Timezone "UTC"]
[ECO "C20"]
[ECOUrl "https://www.chess.com/openings/Kings-Pawn-Opening-1...e5"]
[UTCDate "2010.12.14"]
[UTCTime "08:31:24"]
[WhiteElo "1723"]
[BlackElo "1673"]
[TimeControl "60"]
[Termination "hipposcottimus won by checkmate"]
[StartTime "08:31:24"]
[EndDate "2010.12.14"]
[EndTime "08:32:51"]
[Link "https://www.chess.com/game/live/77144868"]

1. e4 e5 2. g4 d5 3. exd5 Qxd5 4. Nc3 Qxh1 5. f3 Qxg1 6. Qe2 Qb6 7. d3 Bc5 8. b3 Bb4 9. Bd2 Qc6 10. O-O-O Bxc3 11. Be3 Qa6 12. Bc5 Nd7 13. Bd4 Qa3+ 14. Kb1 Qb2# 0-1

[Event "Live Chess"]
[Site "Chess.com"]
[Date "2010.12.14"]
[Round "-"]
[White "hipposcottimus"]
[Black "Habitoc"]
[Result "0-1"]
[CurrentPosition "2k2bnr/ppp1p1p1/5p2/5b1p/3Q4/2NB4/P1P2PPP/q3K2R w KQ -"]
[Timezone "UTC"]
[ECO "B01"]
[ECOUrl "https://www.chess.com/openings/Scandinavian-Defense-Mieses-Kotrc-Gubinsky-Melts-Defense-4.d4"]
[UTCDate "2010.12.14"]
[UTCTime "08:29:42"]
[WhiteElo "1662"]
[BlackElo "1732"]
[TimeControl "60"]
[Termination "Habitoc won on time"]
[StartTime "08:29:42"]
[EndDate "2010.12.14"]
[EndTime "08:31:10"]
[Link "https://www.chess.com/game/live/77144547"]

1. e4 d5 2. exd5 Qxd5 3. Nc3 Qd6 4. d4 h5 5. Nf3 f6 6. Ne2 Bf5 7. Bf4 Qb6 8. Qc1 Nc6 9. Nc3 O-O-O 10. Na4 Qb4+ 11. Nc3 Nxd4 12. Nxd4 Rxd4 13. Bd3 Rxf4 14. Qxf4 Qxb2 15. Qd4 Qxa1+ 0-1

[Event "Live Chess"]
[Site "Chess.com"]
[Date "2010.12.14"]
[Round "-"]
[White "Habitoc"]
[Black "hipposcottimus"]
[Result "0-1"]
[CurrentPosition "5r1k/QpN3pp/3P4/8/1PB4P/p1n1RR1N/P1q3PB/1bK5 w - -"]
[Timezone "UTC"]
[ECO "A00"]
[ECOUrl "https://www.chess.com/openings/Kadas-Opening-1...d5-2.d4"]
[UTCDate "2010.12.14"]
[UTCTime "08:27:11"]
[WhiteElo "1725"]
[BlackElo "1669"]
[TimeControl "60"]
[Termination "hipposcottimus won by checkmate"]
[StartTime "08:27:11"]
[EndDate "2010.12.14"]
[EndTime "08:29:24"]
[Link "https://www.chess.com/game/live/77144067"]

1. d4 d5 2. h4 c6 3. Nc3 e6 4. Bf4 f5 5. Bh2 Nf6 6. f3 Bb4 7. Qd3 Na6 8. O-O-O c5 9. dxc5 Nxc5 10. Qb5+ Nfd7 11. Qxb4 O-O 12. e4 a5 13. Qd4 a4 14. exd5 a3 15. b4 e5 16. Qd2 Na4 17. Nb5 Ndb6 18. d6 Nc4 19. Qd5+ Kh8 20. Bxc4 Qf6 21. Nc7 Nc3 22. Qd3 e4 23. fxe4 fxe4 24. Qe3 Ra7 25. Rf1 Bf5 26. Nh3 Qg6 27. Qxa7 e3 28. Rf3 Bxc2 29. Re1 Bb1 30. Rexe3 Qc2# 0-1

[Event "Live Chess"]
[Site "Chess.com"]
[Date "2010.12.14"]
[Round "-"]
[White "AdiLevin"]
[Black "hipposcottimus"]
[Result "1-0"]
[CurrentPosition "8/6kp/3R2p1/8/8/1P5P/1PP3P1/6K1 b - -"]
[Timezone "UTC"]
[ECO "C34"]
[ECOUrl "https://www.chess.com/openings/Kings-Gambit-Accepted-Fischer-Defense-4.Bc4"]
[UTCDate "2010.12.14"]
[UTCTime "08:24:04"]
[WhiteElo "1778"]
[BlackElo "1658"]
[TimeControl "60"]
[Termination "AdiLevin won on time"]
[StartTime "08:24:04"]
[EndDate "2010.12.14"]
[EndTime "08:26:20"]
[Link "https://www.chess.com/game/live/77143477"]

1. e4 e5 2. f4 exf4 3. Nf3 d6 4. Bc4 Nd7 5. O-O Ne5 6. Bb3 Nf6 7. d4 Nc6 8. Nc3 Be7 9. Bxf4 O-O 10. d5 Na5 11. Qd3 Nxb3 12. axb3 b6 13. e5 dxe5 14. Bxe5 Ng4 15. h3 Nxe5 16. Nxe5 Bf6 17. Nf3 Bb7 18. Rad1 b5 19. Nxb5 a6 20. Nc3 g6 21. Nd4 Bg7 22. Ne6 Qxd5 23. Qxd5 Bxd5 24. Nxf8 Rxf8 25. Nxd5 f6 26. Nxc7 Rf7 27. Ne6 Bf8 28. Nxf8 Rxf8 29. Rd6 Kg7 30. Rxa6 Kh6 31. Raxf6 Rxf6 32. Rxf6 Kg7 33. Rd6 1-0

[Event "Live Chess"]
[Site "Chess.com"]
[Date "2010.12.14"]
[Round "-"]
[White "hipposcottimus"]
[Black "AdiLevin"]
[Result "0-1"]
[CurrentPosition "r4rk1/1p3pp1/p3p3/1b1p1P1p/6n1/2P2R1P/P1P3Pq/1RB4K w - -"]
[Timezone "UTC"]
[ECO "C02"]
[ECOUrl "https://www.chess.com/openings/French-Defense-Advance-Variation-3...c5"]
[UTCDate "2010.12.14"]
[UTCTime "08:22:10"]
[WhiteElo "1664"]
[BlackElo "1772"]
[TimeControl "60"]
[Termination "AdiLevin won by checkmate"]
[StartTime "08:22:10"]
[EndDate "2010.12.14"]
[EndTime "08:23:38"]
[Link "https://www.chess.com/game/live/77143142"]

1. e4 e6 2. d4 d5 3. e5 c5 4. f4 Qb6 5. Nf3 cxd4 6. Nxd4 Nc6 7. Bb5 Bd7 8. Bxc6 Bxc6 9. O-O Bc5 10. Nc3 Bxd4+ 11. Kh1 Bxc3 12. bxc3 Ne7 13. Bb2 Nf5 14. Rb1 Ne3 15. Ba3 Qc7 16. Qe2 Nc4 17. Bb2 a6 18. Bc1 Bb5 19. Qf3 O-O 20. f5 Nxe5 21. Qf2 Ng4 22. Qg3 h5 23. h3 Qxg3 24. Rf3 Qh2# 0-1

[Event "Live Chess"]
[Site "Chess.com"]
[Date "2010.12.14"]
[Round "-"]
[White "AdiLevin"]
[Black "hipposcottimus"]
[Result "1-0"]
[CurrentPosition "8/p7/p5p1/8/8/1P4kP/PB1P2P1/2K1RR2 b - -"]
[Timezone "UTC"]
[ECO "C31"]
[ECOUrl "https://www.chess.com/openings/Kings-Gambit-Declined-Falkbeer-Blackburne-Attack"]
[UTCDate "2010.12.14"]
[UTCTime "08:19:50"]
[WhiteElo "1766"]
[BlackElo "1670"]
[TimeControl "60"]
[Termination "AdiLevin won on time"]
[StartTime "08:19:50"]
[EndDate "2010.12.14"]
[EndTime "08:21:53"]
[Link "https://www.chess.com/game/live/77142702"]

1. e4 e5 2. f4 d5 3. Nf3 dxe4 4. Nxe5 f6 5. Qh5+ g6 6. Nxg6 Kd7 7. Nxh8 c6 8. Qf7+ Be7 9. Bc4 Kc7 10. Nc3 Bd7 11. Qxg8 Na6 12. Qxd8+ Rxd8 13. Bxa6 Bc8 14. Nf7 Kb8 15. Nxd8 bxa6 16. Nxc6+ Kc7 17. Nxe7 Bg4 18. Ncd5+ Kd6 19. h3 Bf5 20. c4 Bg6 21. Nxg6 hxg6 22. Nxf6 Kc5 23. Nxe4+ Kxc4 24. b3+ Kd4 25. Bb2+ Kxe4 26. O-O-O Kxf4 27. Rhf1+ Kg3 28. Rde1 1-0

[Event "Live Chess"]
[Site "Chess.com"]
[Date "2010.12.14"]
[Round "-"]
[White "valerio167"]
[Black "hipposcottimus"]
[Result "1-0"]
[CurrentPosition "3R4/p1k5/3Q4/1pp5/8/1P1B1K2/P1P5/8 b - -"]
[Timezone "UTC"]
[ECO "C22"]
[ECOUrl "https://www.chess.com/openings/Center-Game-Accepted-Paulsen-Attack"]
[UTCDate "2010.12.14"]
[UTCTime "07:17:53"]
[WhiteElo "1512"]
[BlackElo "1445"]
[TimeControl "600"]
[Termination "valerio167 won on time"]
[StartTime "07:17:53"]
[EndDate "2010.12.14"]
[EndTime "07:29:49"]
[Link "https://www.chess.com/game/live/77130479"]

1. e4 e5 2. d4 exd4 3. Qxd4 Nc6 4. Qe3 d6 5. f4 Nf6 6. e5 Ng4 7. Qe4 dxe5 8. fxe5 Qd1+ 9. Kxd1 Nf2+ 10. Ke2 Nxe4 11. Nf3 Bg4 12. Ke3 Bxf3 13. gxf3 f5 14. fxe4 Nxe5 15. exf5 O-O-O 16. Nc3 Bc5+ 17. Kf4 Nf7 18. Bd3 g5+ 19. Kg4 h5+ 20. Kg3 h4+ 21. Kg4 Rd4+ 22. Ne4 h3 23. Bxg5 Rg8 24. Kh5 Nxg5 25. Nxg5 Rg4 26. Kxg4 Be7 27. Kxh3 Rxg5 28. Rag1 Rh5+ 29. Kg4 Rg5+ 30. Kf3 Rh5 31. Rg8+ Kd7 32. Rg7 Kd6 33. Rf7 Bg5 34. Rf8 c5 35. f6 Ke6 36. Re1+ Kd5 37. b3 Bh6 38. Rd8+ Kc6 39. f7 Rxh2 40. Re6+ Kc7 41. Rxh6 Rxh6 42. f8=Q Rf6+ 43. Qxf6 b5 44. Qd6+ 1-0

[Event "Live Chess"]
[Site "Chess.com"]
[Date "2010.12.14"]
[Round "-"]
[White "hipposcottimus"]
[Black "bobleft"]
[Result "1-0"]
[CurrentPosition "1Q6/5N2/p1k1K1p1/7p/8/8/6PP/8 w - -"]
[Timezone "UTC"]
[ECO "B06"]
[ECOUrl "https://www.chess.com/openings/Modern-Defense-with-1-d4-2.c4-Bg7-3.e4-d6"]
[UTCDate "2010.12.14"]
[UTCTime "06:55:08"]
[WhiteElo "1452"]
[BlackElo "1433"]
[TimeControl "600"]
[Termination "hipposcottimus won by resignation"]
[StartTime "06:55:08"]
[EndDate "2010.12.14"]
[EndTime "07:13:02"]
[Link "https://www.chess.com/game/live/77127149"]

1. e4 g6 2. d4 Bg7 3. c4 d6 4. Nc3 Nf6 5. e5 Nfd7 6. f4 dxe5 7. fxe5 f6 8. Nf3 fxe5 9. Be2 exd4 10. Nxd4 Bxd4 11. Qxd4 Rf8 12. Bh6 Nc6 13. Qg7 Nb4 14. O-O-O e6 15. Rxd7 Qf6 16. Rxc7 Qxg7 17. Rxg7 Rh8 18. Rf1 Bd7 19. Rff7 O-O-O 20. c5 Nc6 21. Bg5 Rhf8 22. Nb5 Rxf7 23. Nd6+ Kc7 24. Bxd8+ Kxd8 25. Rxf7 Nd4 26. Nxb7+ Ke8 27. Nd6+ Kd8 28. Ba6 h5 29. b4 Ne2+ 30. Kd2 Nd4 31. Kd3 Nc6 32. b5 Ne5+ 33. Ke4 Nxf7 34. Nxf7+ Kc7 35. c6 Bc8 36. Bxc8 Kxc8 37. a4 Kc7 38. a5 a6 39. b6+ Kxc6 40. Ke5 Kb5 41. Kxe6 Kxa5 42. b7 Kb6 43. b8=Q+ Kc6 1-0

[Event "Live Chess"]
[Site "Chess.com"]
[Date "2010.12.14"]
[Round "-"]
[White "hipposcottimus"]
[Black "tribula"]
[Result "0-1"]
[CurrentPosition "8/p3kpp1/N5p1/1P2r2r/3R4/2n5/P5PP/3R2K1 w - -"]
[Timezone "UTC"]
[ECO "C00"]
[ECOUrl "https://www.chess.com/openings/French-Defense-Normal-Variation"]
[UTCDate "2010.12.14"]
[UTCTime "06:21:40"]
[WhiteElo "1444"]
[BlackElo "1458"]
[TimeControl "600"]
[Termination "tribula won on time"]
[StartTime "06:21:40"]
[EndDate "2010.12.14"]
[EndTime "06:40:39"]
[Link "https://www.chess.com/game/live/77120544"]

1. e4 e6 2. d4 Ne7 3. f4 Ng6 4. Nf3 Be7 5. Ng5 b6 6. Bd3 Bb7 7. O-O d6 8. f5 exf5 9. exf5 Bxg5 10. fxg6 hxg6 11. Bf4 Bxf4 12. Qe2+ Kf8 13. Rxf4 Qg5 14. Be4 d5 15. Rg4 Qe7 16. Bd3 Qxe2 17. Bxe2 Nd7 18. Nc3 Nf6 19. Rf4 c6 20. Raf1 Ke7 21. Re1 Kd6 22. b4 Rae8 23. b5 c5 24. dxc5+ bxc5 25. Rd1 d4 26. Bc4 Kc7 27. Na4 Kd6 28. c3 Bd5 29. cxd4 cxd4 30. Rfxd4 Re5 31. Nc3 Kc5 32. Bxd5 Nxd5 33. Na4+ Kd6 34. Nc3 Rhh5 35. Ne4+ Ke6 36. Nc5+ Ke7 37. Na6 Nc3 0-1

[Event "Live Chess"]
[Site "Chess.com"]
[Date "2010.12.14"]
[Round "-"]
[White "hipposcottimus"]
[Black "Heresiarca"]
[Result "1-0"]
[CurrentPosition "r5k1/1bqp1p1p/pp2r1p1/5R2/P1P3Q1/2N5/1P3BPP/R5K1 b - -"]
[Timezone "UTC"]
[ECO "B30"]
[ECOUrl "https://www.chess.com/openings/Sicilian-Defense-Old-Sicilian-Variation-3.c4-g6"]
[UTCDate "2010.12.14"]
[UTCTime "05:57:45"]
[WhiteElo "1452"]
[BlackElo "1397"]
[TimeControl "480+3"]
[Termination "hipposcottimus won by resignation"]
[StartTime "05:57:45"]
[EndDate "2010.12.14"]
[EndTime "06:08:14"]
[Link "https://www.chess.com/game/live/77116188"]

1. e4 c5 2. Nf3 Nc6 3. c4 g6 4. Nc3 Bg7 5. d3 e6 6. Be2 a6 7. a4 Nge7 8. O-O O-O 9. Be3 Qc7 10. d4 cxd4 11. Nxd4 b6 12. f4 Bb7 13. f5 exf5 14. exf5 Nxd4 15. f6 Nxe2+ 16. Qxe2 Bxf6 17. Rxf6 Nf5 18. Bf2 Rfe8 19. Qg4 Re6 20. Rxf5 1-0

[Event "Live Chess"]
[Site "Chess.com"]
[Date "2010.12.14"]
[Round "-"]
[White "wozislightning"]
[Black "hipposcottimus"]
[Result "0-1"]
[CurrentPosition "8/pk6/2q5/3Q4/5PP1/P1p1PK2/1r5P/8 w - -"]
[Timezone "UTC"]
[ECO "D10"]
[ECOUrl "https://www.chess.com/openings/Slav-Defense-3.Nc3"]
[UTCDate "2010.12.14"]
[UTCTime "05:47:52"]
[WhiteElo "1388"]
[BlackElo "1445"]
[TimeControl "480"]
[Termination "hipposcottimus won by resignation"]
[StartTime "05:47:52"]
[EndDate "2010.12.14"]
[EndTime "05:56:02"]
[Link "https://www.chess.com/game/live/77114229"]

1. d4 d5 2. c4 c6 3. Nc3 Nd7 4. e3 e6 5. Nf3 Ngf6 6. Bd3 Bb4 7. cxd5 Nxd5 8. Bd2 O-O 9. O-O N7f6 10. Nxd5 Nxd5 11. Bxb4 Nxb4 12. a3 Nd5 13. Qc2 f6 14. Bxh7+ Kh8 15. Bd3 f5 16. Ne5 Nf6 17. f4 Nh7 18. Rf3 Rf6 19. Rh3 Qc7 20. Rf1 Bd7 21. Rff3 b6 22. Rfg3 c5 23. dxc5 bxc5 24. Ng6+ Kg8 25. Ne7+ Kh8 26. Qe2 Be8 27. Rxh7+ Kxh7 28. Rh3+ Rh6 29. Rxh6+ gxh6 30. Nxf5 exf5 31. Bxf5+ Bg6 32. Bxg6+ Kxg6 33. Qd3+ Kg7 34. Qc3+ Kg6 35. Kf2 Rb8 36. Qc2+ Kf6 37. g4 c4 38. Qc3+ Ke7 39. Qg7+ Kd8 40. Qxh6 Rxb2+ 41. Kf3 c3 42. Qf6+ Kc8 43. Qe6+ Kb7 44. Qd5+ Qc6 0-1

[Event "Live Chess"]
[Site "Chess.com"]
[Date "2010.12.14"]
[Round "-"]
[White "jepone"]
[Black "hipposcottimus"]
[Result "0-1"]
[CurrentPosition "r4rk1/ppp2ppp/3q1n2/2N5/2BPR3/5P2/PP5P/5R1K w - -"]
[Timezone "UTC"]
[ECO "C34"]
[ECOUrl "https://www.chess.com/openings/Kings-Gambit-Accepted-MacLeod-Defense"]
[UTCDate "2010.12.14"]
[UTCTime "04:25:51"]
[WhiteElo "1524"]
[BlackElo "1676"]
[TimeControl "60"]
[Termination "hipposcottimus won on time"]
[StartTime "04:25:51"]
[EndDate "2010.12.14"]
[EndTime "04:27:41"]
[Link "https://www.chess.com/game/live/77098208"]

1. e4 e5 2. f4 Nc6 3. Nf3 exf4 4. Bc4 d6 5. d3 Bg4 6. Bxf4 Nd4 7. O-O Bxf3 8. gxf3 Qh4 9. c3 Qxf4 10. cxd4 Be7 11. Nd2 Bh4 12. Qe2 Nf6 13. e5 Qxd4+ 14. Kh1 dxe5 15. Nb3 Qf4 16. d4 O-O 17. Qxe5 Qh6 18. Nc5 Bg5 19. Rae1 Bf4 20. Qxf4 Qxf4 21. Re4 Qd6 0-1

[Event "Live Chess"]
[Site "Chess.com"]
[Date "2010.12.14"]
[Round "-"]
[White "hipposcottimus"]
[Black "jepone"]
[Result "0-1"]
[CurrentPosition "2k1r2N/pb1nb2p/1p3B2/2p5/8/8/PPP1QPqP/RN3RK1 w - -"]
[Timezone "UTC"]
[ECO "B32"]
[ECOUrl "https://www.chess.com/openings/Sicilian-Defense-Open-Franco-Sicilian-Variation"]
[UTCDate "2010.12.14"]
[UTCTime "04:24:03"]
[WhiteElo "1671"]
[BlackElo "1529"]
[TimeControl "60"]
[Termination "jepone won by checkmate"]
[StartTime "04:24:03"]
[EndDate "2010.12.14"]
[EndTime "04:25:41"]
[Link "https://www.chess.com/game/live/77097845"]

1. e4 c5 2. Nf3 Nc6 3. d4 e6 4. d5 Nb8 5. dxe6 fxe6 6. Bc4 b6 7. Bxe6 Bb7 8. Bg4 Nf6 9. Ne5 Nxe4 10. Bxd7+ Nxd7 11. Qh5+ g6 12. Nxg6 Nef6 13. Qe2+ Be7 14. Nxh8 Qc7 15. Bh6 O-O-O 16. O-O Re8 17. Bg5 Qc6 18. Bxf6 Qxg2# 0-1

[Event "Live Chess"]
[Site "Chess.com"]
[Date "2010.12.14"]
[Round "-"]
[White "jepone"]
[Black "hipposcottimus"]
[Result "0-1"]
[CurrentPosition "8/r4kpp/pp4n1/8/R7/7P/6P1/6K1 w - -"]
[Timezone "UTC"]
[ECO "C31"]
[ECOUrl "https://www.chess.com/openings/Kings-Gambit-Declined-Falkbeer-Blackburne-Attack"]
[UTCDate "2010.12.14"]
[UTCTime "04:21:43"]
[WhiteElo "1516"]
[BlackElo "1682"]
[TimeControl "60"]
[Termination "hipposcottimus won on time"]
[StartTime "04:21:43"]
[EndDate "2010.12.14"]
[EndTime "04:23:52"]
[Link "https://www.chess.com/game/live/77097379"]

1. e4 e5 2. f4 d5 3. Nf3 dxe4 4. Nxe5 Bd6 5. Bc4 Bxe5 6. fxe5 Ne7 7. O-O O-O 8. Qe1 Bf5 9. Qf2 Bg6 10. d3 c6 11. Bb3 Na6 12. Nc3 Nc5 13. Nxe4 Nxb3 14. axb3 Bxe4 15. dxe4 Ng6 16. Bf4 f6 17. exf6 Rxf6 18. e5 Rxf4 19. Qe2 Qf8 20. e6 Re8 21. Rae1 Rxf1+ 22. Rxf1 Qe7 23. Rf3 Qxe6 24. Qxe6+ Rxe6 25. Rf1 Re2 26. h3 Rxc2 27. b4 Rxb2 28. Rf4 b6 29. Re4 a6 30. b5 Kf7 31. bxc6 Rc2 32. c7 Rxc7 33. Ra4 Ra7 0-1

[Event "Live Chess"]
[Site "Chess.com"]
[Date "2010.12.14"]
[Round "-"]
[White "hipposcottimus"]
[Black "jepone"]
[Result "0-1"]
[CurrentPosition "8/5k1p/K7/8/8/8/q7/1r6 w - -"]
[Timezone "UTC"]
[ECO "B21"]
[ECOUrl "https://www.chess.com/openings/Sicilian-Defense-Smith-Morra-Gambit-2...d5"]
[UTCDate "2010.12.14"]
[UTCTime "04:19:25"]
[WhiteElo "1677"]
[BlackElo "1521"]
[TimeControl "60"]
[Termination "jepone won by checkmate"]
[StartTime "04:19:25"]
[EndDate "2010.12.14"]
[EndTime "04:21:35"]
[Link "https://www.chess.com/game/live/77096942"]

1. e4 c5 2. d4 d5 3. e5 Nc6 4. Bb5 Bd7 5. dxc5 e6 6. Nf3 Bxc5 7. Be3 Bxe3 8. fxe3 Qa5+ 9. Nc3 a6 10. Bxc6 Bxc6 11. O-O f6 12. exf6 Nxf6 13. Ne5 O-O 14. Nxc6 bxc6 15. e4 Nxe4 16. Rxf8+ Rxf8 17. Nxe4 dxe4 18. Qd6 Qd5 19. Qc7 Rd8 20. Qg3 Qd1+ 21. Qe1 Qxe1+ 22. Rxe1 Rd2 23. Rxe4 Rxc2 24. Rxe6 Kf7 25. Rxc6 Rxc6 26. Kf2 Rc2+ 27. Ke3 Rxb2 28. Kd3 Rxa2 29. Kc3 Rxg2 30. Kb4 Rxh2 31. Ka5 Rh5+ 32. Kxa6 g5 33. Kb6 g4 34. Kc6 g3 35. Kd6 g2 36. Kd7 Rd5+ 37. Kc7 Rd1 38. Kc8 g1=Q 39. Kc7 Qg2 40. Kc8 Qc2+ 41. Kb7 Rb1+ 42. Ka6 Qa2# 0-1

[Event "Live Chess"]
[Site "Chess.com"]
[Date "2010.12.14"]
[Round "-"]
[White "jepone"]
[Black "hipposcottimus"]
[Result "0-1"]
[CurrentPosition "8/8/p1p3k1/1p4p1/P3K1P1/1P6/8/8 w - -"]
[Timezone "UTC"]
[ECO "C31"]
[ECOUrl "https://www.chess.com/openings/Kings-Gambit-Declined-Falkbeer-Countergambit"]
[UTCDate "2010.12.14"]
[UTCTime "04:17:16"]
[WhiteElo "1508"]
[BlackElo "1688"]
[TimeControl "60"]
[Termination "hipposcottimus won on time"]
[StartTime "04:17:16"]
[EndDate "2010.12.14"]
[EndTime "04:19:20"]
[Link "https://www.chess.com/game/live/77096500"]

1. e4 e5 2. f4 d5 3. fxe5 dxe4 4. Nc3 Nc6 5. Nxe4 Nxe5 6. d3 Bd6 7. Bf4 Nf6 8. Nxf6+ Qxf6 9. Nf3 Nxf3+ 10. Qxf3 Bxf4 11. Qe4+ Be6 12. Be2 Qh4+ 13. g3 Bxg3+ 14. hxg3 Qxe4 15. dxe4 O-O-O 16. O-O f5 17. exf5 Bd5 18. Bf3 g6 19. Bxd5 Rxd5 20. fxg6 hxg6 21. Rf2 Rhd8 22. Raf1 Rd2 23. Rf8 Rxc2 24. Rxd8+ Kxd8 25. Rd1+ Ke7 26. Rb1 Rc4 27. b3 Rg4 28. Kg2 c6 29. a4 Rg5 30. Re1+ Kd6 31. Rd1+ Ke6 32. Re1+ Kf6 33. Rf1+ Rf5 34. Rxf5+ Kxf5 35. Kf3 g5 36. g4+ Kg6 37. Kg3 b6 38. Kf3 a6 39. Ke4 b5 0-1

[Event "Live Chess"]
[Site "Chess.com"]
[Date "2010.12.14"]
[Round "-"]
[White "hipposcottimus"]
[Black "jepone"]
[Result "1-0"]
[CurrentPosition "3r3k/p1r2pQp/1p2qP1p/8/4p3/2P5/PP4PP/R4RK1 b - -"]
[Timezone "UTC"]
[ECO "C50"]
[ECOUrl "https://www.chess.com/openings/Italian-Game"]
[UTCDate "2010.12.14"]
[UTCTime "04:15:18"]
[WhiteElo "1684"]
[BlackElo "1512"]
[TimeControl "60"]
[Termination "hipposcottimus won by checkmate"]
[StartTime "04:15:18"]
[EndDate "2010.12.14"]
[EndTime "04:17:03"]
[Link "https://www.chess.com/game/live/77096122"]

1. e4 e5 2. Nf3 Nc6 3. Bc4 b6 4. d4 Bb7 5. d5 Na5 6. Qe2 Nxc4 7. Qxc4 c6 8. Nc3 Rc8 9. Ng5 cxd5 10. Qb3 Nh6 11. Nxd5 Bxd5 12. Qxd5 Be7 13. Nf3 O-O 14. Bxh6 gxh6 15. Nxe5 d6 16. Nc6 Qd7 17. Nxe7+ Qxe7 18. O-O Rfd8 19. Qd3 Rc7 20. f4 Rdc8 21. c3 Qd7 22. Rfd1 Rd8 23. Qg3+ Kh8 24. f5 d5 25. Rf1 dxe4 26. f6 Qe6 27. Qg7# 1-0

[Event "Live Chess"]
[Site "Chess.com"]
[Date "2010.12.14"]
[Round "-"]
[White "jepone"]
[Black "hipposcottimus"]
[Result "1-0"]
[CurrentPosition "4r1k1/pp3ppp/3r4/8/2p5/2Pb1N2/PP3PPP/4R1K1 w - -"]
[Timezone "UTC"]
[ECO "C22"]
[ECOUrl "https://www.chess.com/openings/Center-Game-Accepted-Normal-Variation"]
[UTCDate "2010.12.14"]
[UTCTime "04:13:34"]
[WhiteElo "1517"]
[BlackElo "1679"]
[TimeControl "60"]
[Termination "jepone won by resignation"]
[StartTime "04:13:34"]
[EndDate "2010.12.14"]
[EndTime "04:15:12"]
[Link "https://www.chess.com/game/live/77095728"]

1. e4 e5 2. d4 exd4 3. Qxd4 Nc6 4. Qd3 d6 5. Nf3 Nf6 6. Nc3 Nb4 7. Qd2 Be7 8. Nd5 Nbxd5 9. exd5 O-O 10. Bc4 Ne4 11. Qd3 Bf5 12. Qe2 c6 13. O-O cxd5 14. Bxd5 Nf6 15. Bc4 Bg6 16. Re1 d5 17. Qxe7 dxc4 18. Qxd8 Rfxd8 19. Bg5 Rd6 20. Bxf6 Rxf6 21. c3 Rd8 22. Re2 Rfd6 23. Rae1 Bd3 24. Re8+ Rxe8 1-0

[Event "Live Chess"]
[Site "Chess.com"]
[Date "2010.12.14"]
[Round "-"]
[White "hipposcottimus"]
[Black "jepone"]
[Result "1-0"]
[CurrentPosition "5rk1/pb3r1p/1p2Q1p1/8/8/8/P4PPP/5RK1 b - -"]
[Timezone "UTC"]
[ECO "B21"]
[ECOUrl "https://www.chess.com/openings/Sicilian-Defense-Smith-Morra-Gambit-2...d5"]
[UTCDate "2010.12.14"]
[UTCTime "04:11:25"]
[WhiteElo "1690"]
[BlackElo "1504"]
[TimeControl "60"]
[Termination "hipposcottimus won on time"]
[StartTime "04:11:25"]
[EndDate "2010.12.14"]
[EndTime "04:13:27"]
[Link "https://www.chess.com/game/live/77095277"]

1. e4 c5 2. d4 d5 3. e5 c4 4. c3 f6 5. b3 fxe5 6. bxc4 exd4 7. cxd4 dxc4 8. Bxc4 Nf6 9. Qf3 Nc6 10. Be3 Nxd4 11. Bxd4 Qxd4 12. Nc3 Qxc4 13. Nge2 Nd5 14. O-O Nxc3 15. Nxc3 Qc6 16. Qh5+ Qg6 17. Qf3 Qf6 18. Qe3 g6 19. Rfe1 Bg7 20. Ne4 O-O 21. Nxf6+ Bxf6 22. Qh3 Bxa1 23. Qh6 b6 24. Rxa1 Bb7 25. Rf1 Rf6 26. Qe3 Raf8 27. Qxe7 R6f7 28. Qe6 Kg7 29. Qe5+ Kg8 30. Qe6 1-0

[Event "Live Chess"]
[Site "Chess.com"]
[Date "2010.12.14"]
[Round "-"]
[White "jepone"]
[Black "hipposcottimus"]
[Result "0-1"]
[CurrentPosition "1k3r2/ppp1n1pp/2n5/3p4/8/4qN2/6BP/5QK1 w - -"]
[Timezone "UTC"]
[ECO "C31"]
[ECOUrl "https://www.chess.com/openings/Kings-Gambit-Declined-Falkbeer-Countergambit"]
[UTCDate "2010.12.14"]
[UTCTime "04:09:22"]
[WhiteElo "1508"]
[BlackElo "1686"]
[TimeControl "60"]
[Termination "hipposcottimus won on time"]
[StartTime "04:09:22"]
[EndDate "2010.12.14"]
[EndTime "04:11:15"]
[Link "https://www.chess.com/game/live/77094885"]

1. e4 e5 2. f4 d5 3. d3 exf4 4. Nf3 Bg4 5. e5 Bxf3 6. Qxf3 Qh4+ 7. g3 fxg3 8. Qxg3 Qd4 9. Bg2 Nc6 10. Be3 Qxb2 11. O-O Qxa1 12. Nd2 Qxa2 13. Bg5 Be7 14. Bxe7 Ngxe7 15. e6 fxe6 16. Qf3 O-O-O 17. Qf7 Rhf8 18. Qxe6+ Kb8 19. Rxf8 Rxf8 20. Qe1 Qxc2 21. Nf3 Qxd3 22. Qf1 Qe3+ 0-1